Map: King's Cove LE

Players

MaNa - Winner!

  • Race: Protoss Protoss
  • Spawn Location: 5:00

BratOK (Brat_OK)

  • Race: Terran Terran
  • Spawn Location: 11:00

Event: 2019 WCS Summer

VOD

Have the link to the VOD?

Description

Time

  • Played on: July 12, 2019, 6:46 a.m.
  • Length: 8:20

All games in this series

Show
View Real Time Build Order
Export as new Build Order

MaNa Protoss - Winner!

Build Orders: 1 Gate Expand, Phoenix Opening, Blink Stalkers, Zealot Archon 

Get SALT Encoding   

  12  0:00  Probe  
  13  0:12  Probe  
  14  0:18  Pylon  
  14  0:24  Probe  
  15  0:32  Probe  
  15  0:37  Gateway  
  15  0:40  Probe  
  16  0:46  Assimilator  
  17  0:51  Probe  
  18  1:03  Probe  
  19  1:15  Probe  
  20  1:28  Nexus  
  20  1:34  Cybernetics Core  
  20  1:37  Probe  
  21  1:44  Assimilator  
  21  1:49  Probe  
  22  1:54  Pylon  
  22  2:01  Probe  
  22  2:02  Adept  
  23  2:14  Probe  
  26  2:16  Warp Gate  
  26  2:26  Probe  
  27  2:30  Sentry  
  29  2:38  Probe  
  29  2:40  Twilight Council  
  29  2:41  Probe  
  31  2:48  Stalker  
  31  2:50  Probe  
  32  2:52  Blink  
  32  2:54  Probe  
  35  3:00  Pylon  
  35  3:02  Probe  
  36  3:06  Probe  
  36  3:12  Phoenix  
  37  3:14  Probe  
  37  3:18  Probe  
  39  3:26  Stalker, Probe  
  42  3:32  Probe  
  43  3:36  Gateway  
  43  3:38  Probe  
  44  3:44  Probe  
  45  3:49  Robotics Facility  
  45  3:50  Probe  
  45  3:52  Assimilator  
  46  3:56  Probe  
  48  4:02  Probe  
  48  4:07  Stalker  
  48  4:08  Probe  
  51  4:12  Gateway  
  51  4:15  Probe  
  51  4:16  Shield Battery  
  52  4:19  Pylon  
  52  4:20  Probe  
  53  4:27  Probe  
  54  4:32  Probe  
  54  4:33  Pylon  
  54  4:36  Observer  
  54  4:37  Stalker  
  54  4:38  Stalker  
  58  4:39  Probe  
  58  4:44  Probe  
  61  4:50  Charge  
  61  4:51  Probe  
  62  4:53  Nexus  
  62  5:04  Stalker  
  62  5:05  Stalker  
  66  5:09  Stalker  
  66  5:11  Probe  
  66  5:12  Probe  
  70  5:16  Pylon  
  70  5:19  Pylon  
  70  5:34  Observer, Probe x2  
  73  5:43  Pylon  
  73  5:44  Gateway  
  73  5:46  Probe x2, Gateway  
  73  5:47  Gateway  
  75  5:56  Observer  
  75  6:01  Stalker x3, Probe  
  82  6:08  Probe x2  
  82  6:10  Gateway  
  84  6:14  Gateway  
  84  6:16  Warp Prism  
  86  6:18  Probe  
  86  6:20  Probe  
  86  6:26  Probe, Templar Archives  
  86  6:30  Probe  
  88  6:35  Observer, Assimilator  
  88  6:40  Zealot x4  
  88  6:46  Pylon x2  
  96  6:48  Pylon  
  96  6:51  Observer  
  95  7:10  High Templar x4  
  95  7:11  Zealot x4  
  95  7:14  Archon  
  95  7:15  Archon  
  110  7:19  Assimilator  
  110  7:21  Probe  
  111  7:23  Pylon  
  111  7:33  Zealot x4  
  109  7:51  Zealot  
  109  7:52  Zealot x3  
  109  7:53  Zealot x4  
  115  8:02  Probe  
  102  8:12  Stalker  
  102  8:13  Stalker x6  
  102  8:14  Stalker  
Show
View Real Time Build Order
Export as new Build Order

BratOK Terran 

Build Orders: 2 Factory, Mech 

Get SALT Encoding   

  12  0:00  SCV  
  13  0:12  SCV  
  14  0:17  Supply Depot  
  14  0:25  SCV  
  15  0:39  SCV  
  15  0:41  Barracks  
  16  0:44  Refinery  
  16  0:51  SCV  
  17  1:03  SCV  
  18  1:15  SCV  
  19  1:28  Orbital Command  
  19  1:30  Barracks Reactor  
  19  1:49  Command Center  
  19  1:55  SCV  
  19  2:00  Supply Depot  
  20  2:07  Marine x2  
  22  2:08  SCV  
  23  2:17  Factory  
  23  2:22  SCV  
  24  2:26  Marine x2  
  26  2:31  Refinery  
  26  2:34  SCV  
  26  2:44  Marine x2  
  26  2:49  SCV  
  29  2:54  Factory  
  29  3:01  Factory Tech Lab  
  30  3:05  SCV  
  30  3:07  Orbital Command  
  30  3:21  Cyclone  
  30  3:22  Marine x2  
  30  3:24  SCV  
  36  3:36  SCV x2  
  38  3:42  Supply Depot  
  38  3:48  SCV  
  38  3:52  Widow Mine x2  
  38  3:53  Cyclone  
  46  4:04  SCV, Supply Depot  
  46  4:08  SCV  
  48  4:15  Widow Mine x2  
  48  4:16  SCV  
  53  4:20  SCV  
  54  4:26  Command Center  
  54  4:28  SCV  
  55  4:32  SCV  
  55  4:38  Siege Tank  
  59  4:40  SCV  
  59  4:43  Refinery  
  59  4:44  SCV  
  61  4:45  Refinery  
  60  4:53  SCV  
  60  4:55  Supply Depot  
  60  4:56  SCV, Supply Depot  
  62  5:00  Armory  
  62  5:12  Siege Tank, SCV x2  
  62  5:13  Widow Mine  
  69  5:17  Widow Mine, Supply Depot  
  71  5:24  SCV x2  
  73  5:29  Factory  
  73  5:34  Factory  
  73  5:36  SCV  
  74  5:43  Supply Depot  
  74  5:47  Siege Tank  
  74  5:48  Barracks Reactor  
  74  5:49  SCV  
  75  5:51  SCV  
  75  5:53  Orbital Command  
  71  6:01  SCV  
  71  6:03  Hellion  
  71  6:04  Hellion  
  67  6:08  Engineering Bay  
  67  6:09  SCV  
  67  6:10  Drilling Claws  
  69  6:18  SCV  
  69  6:19  SCV  
  69  6:21  SCV  
  69  6:24  Siege Tank, Factory Tech Lab  
  74  6:30  SCV  
  73  6:34  Widow Mine  
  73  6:35  Widow Mine  
  73  6:38  Missile Turret  
  73  6:39  SCV x2, Missile Turret  
  79  6:41  Widow Mine, Hellion  
  79  6:42  SCV  
  82  6:51  SCV x2  
  82  6:52  Siege Tank  
  87  6:54  SCV  
  87  7:00  Missile Turret  
  85  7:03  Siege Tank, SCV x2  
  85  7:04  Hellion x2  
  85  7:07  SCV  
  95  7:13  Supply Depot  
  95  7:16  Supply Depot  
  95  7:19  Supply Depot x2  
  95  7:21  Supply Depot  
  95  7:26  Starport  
  95  7:29  Armory  
  95  7:32  Missile Turret  
  95  7:35  SCV x3, Missile Turret  
  98  7:37  Missile Turret  
  98  7:38  Missile Turret  
  98  7:41  Siege Tank  
  101  7:47  SCV  
  101  7:49  Widow Mine  
  97  7:54  SCV x2  
  81  7:59  SCV  
  69  8:06  Missile Turret, SCV  
Tags
 
Add a new tag
Caveats
  • Supply blocks, unpowered buildings, or Contaminate may cause inaccurate times.
  • Supply counts are checked every 10 seconds.